 Dungeon Crawl Stone Soup version 0.31.0-32-g396128a36d (webtiles) character file.

Game seed: 6870976415068452740

107 mainiacjoe the Digger (level 4, -8/27 HPs)
             Began as an Octopode Earth Elementalist on Apr 13, 2024.
             Killed by divine providence
             ... invoked by an orc priest
              (13 damage)
             ... on level 3 of the Dungeon.
             The game lasted 00:05:35 (1464 turns).

mainiacjoe the Digger (Octopode Earth Elementalist) Turns: 1464, Time: 00:05:36

Health: -8/27      AC:  1    Str:  7    XL:     4   Next: 86%
Magic:  3/8        EV: 13    Int: 19    God:
Gold:   89         SH:  0    Dex: 12    Spells: 4/8 levels left

rFire   . . .        a - +0 short sword
rCold   . . .        (no shield)
rNeg    . . .        (helmet restricted)
rPois   .            (no amulet)
rElec   .            (no ring)
rCorr   .            (no ring)
SInv    .            (no ring)
Will    .....        (no ring)
Stlth   +++          (no ring)
HPRegen 0.24/turn    (no ring)
MPRegen 0.11/turn    (no ring)
                     (no ring)

%: no passive effects
@: no status effects
A: almost no armour, amphibious, 8 rings, camouflage 1, gelatinous body 1,
(nimble swimmer 1), tentacles
a: no special abilities


You were on level 3 of the Dungeon.
You visited 1 branch of the dungeon, and saw 3 of its levels.

You collected 89 gold pieces.

Inventory:

Hand Weapons
 a - a +0 short sword (weapon)
 d - a +0 whip
Missiles
 c - 17 stones
Potions
 b - 3 potions of heal wounds
 e - 3 potions of magic
 f - 2 potions of haste
 i - a potion of berserk rage {unknown}
 j - 2 potions of curing {unknown}


   Skills:
 - Level 2.0 Dodging
 - Level 2.6 Stealth
 + Level 2.8 Spellcasting
 * Level 3.2 Conjurations
 + Level 3.6 Earth Magic


You had 4 spell levels left.
You knew the following spells:

 Your Spells              Type           Power      Damage    Failure   Level
a - Sandblast             Erth           32%        2d9       3%          1
b - Stone Arrow           Conj/Erth      30%        3d8       12%         3

Your spell library contained the following spells:

 Spells                   Type           Power      Damage    Failure   Level
 Passwall                 Erth           16%        N/A       11%         3
 Mercury Vapours          Alch/Air       4%         N/A       24%         2
 Mephitic Cloud           Conj/Alch/Air  6%         N/A       30%         3
 Brom's Barrelling Bould  Conj/Erth      15%        2d4       36%         4
 Petrify                  Alch/Erth      9%         N/A       58%         4
 Freezing Cloud           Conj/Ice/Air   3%         6-21      95%         5


Dungeon Overview and Level Annotations

Branches:
Dungeon (3/15)

Altars:
Hepliaklqana
Nemelex Xobeh
Xom

Shops:
D:1 :

Annotations:
D:2 Sigmund


Innate Abilities, Weirdness & Mutations

You cannot wear most types of armour.
You are amphibious.
You can wear up to eight rings at the same time.
Your skin changes colour to match your surroundings (Stealth+).
Your rubbery body absorbs attacks. (AC +1, EV +1)
((You are camouflaged when in or above water. (Stealth+)))
You have tentacles for arms and can constrict up to eight enemies at once.


Message History

Aim: an orc, wielding a +0 club (moderately wounded, 82% to hit)
The blast of sand hits the orc!
You kill the orc!
The orc shouts!
Casting: Sandblast (safe; 3% risk of failure)
Confirm with . or Enter, or press ? or * to list all spells.
Aiming: Sandblast (safe; 3% risk of failure)
Press: ? - help, Shift-Dir - straight line, f - orc
Aim: an orc, wielding a +0 club and wearing a +0 leather armour (82% to hit)
The blast of sand hits the orc but does no damage.
The orc hits you with a +0 club.
An orc comes into view. It is wielding a +0 dagger.
The orc hits you with a +0 club.
You hit the orc but do no damage. Your grab misses the orc.
You squeeze the orc.
The orc is heavily wounded.
The orc hits you with a +0 club.
An orc priest comes into view. It is wielding a +0 flail.
Casting: Sandblast (safe; 3% risk of failure)
Confirm with . or Enter, or press ? or * to list all spells.
Aiming: Sandblast (safe; 3% risk of failure)
Press: ? - help, Shift-Dir - straight line, f/p - orc
Aim: an orc, wielding a +0 club and wearing a +0 leather armour (heavily wounded, 82% to hit)
The blast of sand hits the orc.
You kill the orc!
Casting: Sandblast (safe; 3% risk of failure)
Confirm with . or Enter, or press ? or * to list all spells.
Aiming: Sandblast (safe; 3% risk of failure)
Press: ? - help, Shift-Dir - straight line, f - orc
Aim: an orc, wielding a +0 hand axe (82% to hit)
The blast of sand hits the orc.
The orc is heavily wounded.
The orc misses you. The orc hits you with a +0 hand axe.
The orc priest mumbles some strange prayers to Beogh against you.
Beogh smites you!
* * * LOW HITPOINT WARNING * * *
The orc closely misses you.
The orc priest calls down the wrath of Beogh upon you.
Beogh smites you!
You die...

*,,,,,,,...,####.######..# #
,,,,,,,,..,,* #.........* *#
*,,,,,,,,,,,* #.#######.* *.
,,,,,,,,...#####.#######,* *,
*,,,,,,,,#..............,* *,
**,******#.##.#....)...#,* *, *,*
**,*,#,#.######.#,* *,
*,*****,***,,#.#####...,* **,
*,,,,,,** **,#.@.....#,,*** *,,
********,***,*#o#####...,,,****,*
*,,,,,,,,,*,**#o#*****,*,,,,,,,,*
*,********,** #.#*,,,,,,,,,,,,,,*
*,# *** #.#*,***,*,,,,,,,,* #.#
#o#*,* *,,,,,,,,,,* ..#
#.#*,***,**,,,,,,,, ***
#.#,,,**,**,,,,,,,*
*,,,,,,*,**,,,,,,,*


You could see an orc priest and 2 orcs.

Vanquished Creatures
  5 adders
  5 dart slugs
  A ribbon worm (D:3)
  3 orcs (D:3)
  2 endoplasms (D:1)
  3 giant cockroaches
  3 goblins
  5 hobgoblins
  2 jackals (D:1)
  2 quokkas
  4 ball pythons
  2 bats (D:1)
  2 frilled lizards (D:1)
  4 kobolds
  4 rats
47 creatures vanquished.

Notes
Turn   | Place    | Note
-------+----------+-------------------------------------------
     0 | D:1      | mainiacjoe the Octopode Earth Elementalist began the quest
                  | for the Orb.
     0 | D:1      | Reached XP level 1. HP: 11/11 MP: 3/3
    31 | D:1      | You fall into a shaft and drop 1 floor!
    45 | D:2      | Reached XP level 2. HP: 17/17 MP: 0/5
   213 | D:1      | Found Soatuer's Vocational Training.
   346 | D:1      | Reached XP level 3. HP: 21/21 MP: 4/6
   380 | D:1      | Learned a level 3 spell: Stone Arrow
  1045 | D:2      | Found a hazy altar of Hepliaklqana.
  1064 | D:2      | Reached XP level 4. HP: 27/27 MP: 4/7
  1113 | D:2      | Noticed Sigmund
  1427 | D:3      | Found a shimmering altar of Xom.
  1429 | D:3      | Found a sparkling altar of Nemelex Xobeh.
  1464 | D:3      | Killed from afar by an orc priest

Illustrated notes

Levels and vault maps discovered:
D:1:      lightli_arrival_statuegarden, layout_rooms, serial_bayou,
          serial_bayou_pond_d, serial_bayou_lake_a, serial_bayou_lagoon_b,
          serial_bayou_crossing, nicolae_shop_vocational
D:2:      minmay_chambers_of_ones, layout_loops_ring, basic_altar, uniq_sigmund
D:3:      layout_loops_ring, grunt_temple_overflow_open, skrybe_limestone_x

Skill      XL: |  1  2  3  4 |
---------------+-------------+-----
Conjurations   | 2 3 |  3.2
Dodging        | |  2.0
Stealth        | |  2.6
Spellcasting   | |  2.8
Earth Magic    | |  3.6

Action                     |  1- 3 |  4- 6 || total
---------------------------+-------+-------++-------
  Melee: Whip              |     2 |       ||     2
         Constrict         |     5 |       ||     5
         Tentacles         |     1 |     1 ||     2
         Short sword       |     5 |     1 ||     6
   Cast: Sandblast         |    43 |    22 ||    65
    Use: Scroll            |       |     4 ||     4
 Armour: Skin              |     7 |     5 ||    12
  Dodge: Dodged            |    10 |     5 ||    15
